 Dungeon Crawl Stone Soup version 0.29.1-1-gd02db6906a (webtiles) character file.

Game seed: 17612093324419052452

165 Colgate the Chiller (level 5, -1/35 HPs)
             Began as a Barachi Ice Elementalist on Oct 11, 2022.
             Was a Believer of Dithmenos.
             Killed from afar by an orc wizard (2 damage)
             ... with a magic dart
             ... on level 4 of the Dungeon on Oct 12, 2022.
             The game lasted 00:11:24 (4471 turns).

Colgate the Chiller (Barachi Ice Elementalist)      Turns: 4471, Time: 00:11:25

Health: -1/35      AC:  3    Str: 10    XL:     5   Next: 46%
Magic:  1/8        EV: 12    Int: 17    God:    Dithmenos [**....]
Gold:   135        SH:  0    Dex: 12    Spells: 0/8 levels left

rFire   . . .      SeeInvis .   a - +0 short sword
rCold   + . .      Faith    .   (no shield)
rNeg    . . .      Spirit   .   k - +0 robe
rPois   .          Reflect  .   c - +0 helmet
rElec   .          Harm     .   (no cloak)
rCorr   .          Rampage  .   (no gloves)
Will    .....                   (no boots)
Stlth   ++........              (no amulet)
HPRegen 0.11/turn               h - ring of protection from cold
MPRegen 0.11/turn               l - ring of wizardry

@: wreathed by umbra, slow
A: amphibious, slowness 1, strong legs 1, +LOS
a: Hop, Renounce Religion, Shadow Step


You were on level 4 of the Dungeon.
You worshipped Dithmenos.
Dithmenos was pleased with you.
You visited 1 branch of the dungeon, and saw 4 of its levels.

You collected 135 gold pieces.

Inventory:

Hand Weapons
 a - a +0 short sword (weapon)
Missiles
 m - 2 throwing nets {!f}
Armour
 c - a +0 helmet (worn)
 k - a +0 robe (worn)
Jewellery
 h - a ring of protection from cold (left hand)
 l - a ring of wizardry (right hand)
Wands
 n - a wand of flame (27)
Scrolls
 e - 2 scrolls of identify {unknown}
 f - 2 scrolls of amnesia {unknown}
 g - a scroll of blinking {unknown}
 i - a scroll of teleportation {unknown}
 j - a scroll of vulnerability {unknown}
Potions
 b - a potion of magic
 d - 4 potions of curing {unknown}
 o - a potion of flight {unknown}


   Skills:
 - Level 2.1 Dodging
 - Level 1.7 Stealth
 - Level 2.1 Spellcasting
 + Level 7.9 Ice Magic


You couldn't memorise any spells.
You knew the following spells:

 Your Spells              Type           Power      Damage    Failure   Level
a - Freeze                Ice            100%       1d11      1%          1
b - Frozen Ramparts       Ice            56%        1d9       1%          3
c - Hailstorm             Conj/Ice       15%        3d5       16%         4

Your spell library contained the following spells:

 Spells                   Type           Power      Damage    Failure   Level
 Ozocubu's Armour         Ice            28%        N/A       1%          3
 Beastly Appendage        Tmut           2%         N/A       8%          1
 Wereblood                Tmut           1%         N/A       12%         2
 Portal Projectile        Hex/Tloc       2%         N/A       22%         3
 Spider Form              Tmut/Pois      1%         N/A       22%         3
 Tukima's Dance           Hex            1%         N/A       22%         3
 Blade Hands              Tmut           0%         N/A       88%         5


Dungeon Overview and Level Annotations

Branches:
Dungeon (4/15)
 Temple: D:4-7

Altars:
Dithmenos
Hepliaklqana

Annotations:
D:3 3 runed translucent doors, kadoom's ghost, amateur MiBe


Innate Abilities, Weirdness & Mutations

You are amphibious.
You cover ground slowly.
You can hop short distances.
You have an extended range of vision and can be seen from far away.


Message History

The hail pelts the orc.
The wall freezes the orc.
The orc closely misses you.
The wall freezes the orc but does no damage.
Casting: Hailstorm (quite dangerous; 16% risk of failure)
Aiming: Freeze (safe; 1% risk of failure)
Aim: an orc, wielding a +0 mace (heavily wounded, umbra)
You freeze the orc!
You kill the orc!
Dithmenos accepts your kill.
An orc wizard comes into view. It is wielding a +0 dagger.
You barely miss the orc.
The wall freezes the orc but does no damage.
The orc hits you but does no damage. Space warps horribly around you!
An orc comes into view. It is wielding a +0 flail.
Casting: Freeze (safe; 1% risk of failure)
You don't have enough magic to cast this spell.
You hit the orc.
The wall freezes the orc.
You kill the orc!
Dithmenos accepts your kill.
The frozen ramparts melt away.
The orc wizard casts a spell.
The orc wizard flickers and vanishes!
Deactivating autopickup; reactivate with Ctrl-A.
You barely miss the orc. Something hits you. The orc barely misses you.
There is an open door here.
Items here: )) [ †.
You hit something but do no damage. Something hits you.
The orc barely misses you.
You closely miss something. Something hits you. The orc barely misses you.
You hit something but do no damage. Something hits you.
The orc hits you with a +0 flail.
* * * LOW HITPOINT WARNING * * *
Something hits you but does no damage. The orc hits you with a +0 flail.
* * * LOW HITPOINT WARNING * * *
You hit something but do no damage.
You hear some strange, mumbled words.
A magic dart appears from out of thin air!
The magic dart hits you.
You die...

#..####....#
####+####....#
#....#.......#
#....#.......#
#....#.......#
#....#.......#
#....#.......#
#...{#.......#
#..).@o......#
#...##########
#.. ... +.. #.
#


You could see an orc.

Vanquished Creatures
  4 gnolls (D:3)
  4 adders
  A worm (D:3)
  2 dart slugs
  9 orcs
  4 ball pythons
  2 bats (D:3)
  4 endoplasms
  2 giant cockroaches
  6 goblins
  6 hobgoblins
  9 jackals
  3 quokkas
  2 frilled lizards
  3 kobolds
  9 rats
70 creatures vanquished.

Vanquished Creatures (others)
  5 plants (D:2)
5 creatures vanquished.

Grand Total: 75 creatures vanquished

Notes
Turn   | Place    | Note
-------+----------+-------------------------------------------
     0 | D:1      | Colgate the Barachi Ice Elementalist began the quest for
                  | the Orb.
     0 | D:1      | Reached XP level 1. HP: 13/13 MP: 3/3
    42 | D:1      | Reached skill level 5 in Ice Magic
   366 | D:1      | Reached XP level 2. HP: 19/19 MP: 3/5
   827 | D:1      | Reached XP level 3. HP: 15/24 MP: 0/6
   837 | D:1      | Reached skill level 6 in Ice Magic
   841 | D:1      | Learned a level 3 spell: Frozen Ramparts
  2230 | D:2      | Found a faded altar of an unknown god.
  2236 | D:2      | Prayed at the altar of an unknown god.
  2236 | D:2      | Became a worshipper of Dithmenos the Shadowed
  2236 | D:2      | Reached * piety under Dithmenos
  2525 | D:3      | Reached XP level 4. HP: 30/30 MP: 4/7
  2857 | D:3      | Reached skill level 7 in Ice Magic
  3279 | D:3      | Reached XP level 5. HP: 32/35 MP: 3/8
  3618 | D:3      | Found a runed translucent gate.
  3619 | D:3      | Found a runed translucent gate.
  3619 | D:3      | Found a runed translucent gate.
  3620 | D:3      | Noticed kadoom's ghost (amateur MiBe)
  3713 | D:3      | Reached ** piety under Dithmenos
  3892 | D:3      | Learned a level 4 spell: Hailstorm
  3998 | D:3      | Found a hazy altar of Hepliaklqana.
  4470 | D:4      | HP: 1/35 [orc/+0 flail (6)]
  4471 | D:4      | Killed from afar by an orc wizard

Illustrated notes

Levels and vault maps discovered:
D:1:      psy_arrival_dodecagon, layout_basic, serial_forest,
          infiniplex_forest_end_1, infiniplex_forest_lined_room_,
          infiniplex_forest_zigzag_1, infiniplex_forest_straight_1,
          infiniplex_forest_lined_1, infiniplex_forest_straight_2,
          infiniplex_forest_diagonal, infiniplex_forest_corner_1
D:2:      layout_loops_corners, shapermc_ecumenical_altar_hornbeckon
D:3:      layout_loops_corners, lemuel_coloured_pillars_altar,
          ebering_ghost_rock_garden, amcnicky_mini_rare_corridor_liquid,
          chequers_serial_rivers_small_a, minmay_quantized
D:4:      layout_gridville, hangedman_decor_growths, grunt_decor_junction

Skill      XL: |  1  2  3  4 |
---------------+-------------+-----
Ice Magic      | 5 6 7 |  7.9
Dodging        | |  2.1
Stealth        | |  1.7
Spellcasting   | |  2.1

Action                   |  1- 3 |  4- 6 || total
-------------------------+-------+-------++-------
Melee: Unarmed           |    17 |       ||    17
       Short sword       |       |    20 ||    20
 Cast: Freeze            |    59 |    28 ||    87
       Frozen Ramparts   |       |    15 ||    15
       Hailstorm         |       |     2 ||     2
 Abil: Hop               |     6 |       ||     6
Armor: Robe              |     9 |     6 ||    15
Dodge: Dodged            |    38 |    29 ||    67
